 Dungeon Crawl Stone Soup version 0.29.1-15-g9cfb28693d (webtiles) character file.

Game seed: 7261650222868880036

84 croobank the Caller (level 4, 0/32 HPs)
             Began as a Gnoll Summoner on Apr 29, 2023.
             Was an Initiate of Yredelemnul.
             Constricted to death by a ball python (1 damage)
             ... on level 2 of the Dungeon.
             The game lasted 00:08:48 (3129 turns).

croobank the Caller (Gnoll Summoner)                Turns: 3129, Time: 00:08:48

Health: 0/32       AC:  3    Str:  6    XL:     4   Next: 45%
Magic:  0/11       EV: 10    Int: 21    God:    Yredelemnul [......]
Gold:   68         SH:  0    Dex: 11    Spells: 4/13 levels left

rFire   + . .      SeeInvis .   a - +0 short sword
rCold   + + +      Faith    .   (no shield)
rNeg    . . .      Spirit   +   g - +0 robe
rPois   +          Reflect  .   (no helmet)
rElec   +          Harm     .   (no cloak)
rCorr   +          Rampage  .   (no gloves)
Will    .....                   j - +0 pair of boots
Stlth   ++........              v - amulet of guardian spirit
HPRegen 0.10/turn               n - ring of protection from cold
MPRegen 0.12/turn               u - ring of protection from cold

@: resistant, flying, constricted
A: fangs 1, strong nose, distributed training, clever 1, electricity resistance
a: Renounce Religion, Recall Undead Harvest


You were on level 2 of the Dungeon.
You worshipped Yredelemnul.
Yredelemnul was noncommittal.
You visited 1 branch of the dungeon, and saw 3 of its levels.

You collected 68 gold pieces.

Inventory:

Hand Weapons
 a - a +0 short sword (weapon)
 b - a +0 sling
 r - a +0 quarterstaff
 t - a +0 falchion
 w - a +0 long sword
Missiles
 c - 2 throwing nets
Armour
 g - a +0 robe (worn)
 j - a +0 pair of boots (worn)
 p - a +0 ring mail
Jewellery
 n - a ring of protection from cold (left hand)
 u - a ring of protection from cold (right hand)
 v - an amulet of guardian spirit (around neck)
Scrolls
 i - a scroll of enchant armour {unknown}
 k - 7 scrolls of identify {unknown}
 l - a scroll of blinking {unknown}
 o - 2 scrolls of teleportation {unknown}
 s - a scroll of acquirement {unknown}
Potions
 e - 2 potions of mutation
 q - a potion of curing
 x - a potion of resistance


   Skills:
 + Level 1.2 Fighting
 + Level 1.2 Short Blades
 + Level 1.2 Long Blades
 + Level 1.2 Axes
 + Level 1.2 Maces & Flails
 + Level 1.2 Polearms
 + Level 1.2 Staves
 + Level 1.2 Ranged Weapons
 + Level 1.2 Throwing
 + Level 1.2 Armour
 + Level 4.6 Dodging
 + Level 4.3 Stealth
 + Level 1.2 Shields
 + Level 1.2 Unarmed Combat
 + Level 5.1 Spellcasting
 + Level 1.0 Conjurations
 + Level 1.0 Hexes
 + Level 7.1 Summonings
 + Level 1.0 Necromancy
 + Level 1.0 Translocations
 + Level 1.0 Transmutations
 + Level 1.0 Fire Magic
 + Level 1.0 Ice Magic
 + Level 1.0 Air Magic
 + Level 1.0 Earth Magic
 + Level 1.0 Poison Magic
 + Level 1.3 Invocations
 + Level 1.2 Evocations


You had 4 spell levels left.
You knew the following spells:

 Your Spells              Type           Power      Damage    Failure   Level
a - Summon Small Mammal   Summ           100%       N/A       1%          1
b - Call Imp              Summ           35%        N/A       1%          2
c - Call Canine Familiar  Summ           35%        N/A       1%          3
d - Summon Guardian Gole  Hex/Summ       22%        N/A       6%          3

Your spell library contained the following spells:

 Spells                   Type           Power      Damage    Failure   Level
 Apportation              Tloc           18%        N/A       7%          1
 Necrotise                Necr           36%        1d5       7%          1
 Blink                    Tloc           18%        N/A       11%         2
 Summon Lightning Spire   Summ/Air       22%        N/A       21%         4
 Confusing Touch          Hex            9%         N/A       22%         3
 Manifold Assault         Tloc           9%         N/A       89%         5
 Yara's Violent Unravell  Hex/Tmut       4%         3d4       89%         5
 Enfeeble                 Hex            4%         N/A       100%        7
 Storm Form               Tmut/Air       4%         N/A       100%        7


Dungeon Overview and Level Annotations

Branches:
Dungeon (3/15)

Altars:
Yredelemnul

Annotations:
D:2 Terence


Innate Abilities, Weirdness & Mutations

You have very sharp teeth.
Your uncanny sense of smell can sniff out nearby items.
Your experience applies equally to all skills.
Your mind is acute. (Int +4, Str/Dex -1)
You are resistant to electric shocks. (rElec)


Message History

You resist with some effort. The goblin hits you with a +0 club.
The orc barely misses you. The hobgoblin hits you.
The hobgoblin closely misses you. Terence barely misses you.
You climb upwards.
There is a stone staircase leading down, spattered with blood here.
Casting: Summon Small Mammal (safe; 1% risk of failure)
Confirm with . or Enter, or press ? or * to list all spells.
A guardian golem appears, shielding your allies.
The ball python bites you. The ball python closely misses you.
The ball python barely misses you. The ball python grabs you.
The ball python constricts you. Terence hits you with a +0 falchion!
* * * LOW HITPOINT WARNING * * *
Casting: Summon Guardian Golem (dangerous; 6% risk of failure)
Confirm with . or Enter, or press ? or * to list all spells.
You don't have enough magic to cast this spell.
You feel better. The ball python closely misses you.
The ball python constricts you. Terence hits you with a +0 falchion.
As you read the scroll labelled YNNITU SACIGHY, it crumbles to dust.
You feel momentarily disoriented.
It was a scroll of magic mapping.
The ball python barely misses you. The ball python constricts you.
Terence hits you with a +0 falchion!
* * * LOW HITPOINT WARNING * * *
As you read the scroll labelled KEPHEH LOPSUK, it crumbles to dust.
It is a scroll of amnesia.
Really abort (and waste the scroll)?
Okay, then.
The ball python closely misses you. The ball python constricts you.
Terence barely misses you.
Okay, then.
It was a potion of resistance.
You feel protected. The ball python barely misses you.
The ball python constricts you. Terence hits you with a +0 falchion.
* * * LOW HITPOINT WARNING * * *
It was a potion of flight.
You feel very buoyant.
You fly up into the air.
The ball python closely misses you. The ball python constricts you.
You die...
Your body rises from the dead as a mindless zombie.

####).##....##.#.............#.
#######.##....##.#...######.##.#.
....# #.......##(...#######.####.
....#####.....##.....Z...........
......# #....###...########Z#####
....#.# ####..##...# #.# ....#.#
##..gg.9# #Z# ....#.# ####@So#
#.# ....#.# #@#.# #.# #####.#
###Z########Z# ......#
#......ZZZ.# ##############
############ ##.##........#
....#.######.# ##.##.#....#.#
.........Z<#.# ###.#.#.##Z#.#


You could see Terence, an orc (ally target), a hobgoblin, a goblin, a ball
python and a friendly guardian golem (summoned).

Vanquished Creatures
  Robin (D:2)
  2 bats
  2 goblins (D:2)
  A hobgoblin (D:1)
  A quokka (D:2)
  A rat (D:2)
8 creatures vanquished.

Vanquished Creatures (collateral kills)
  A gnoll (D:1)
  A worm (D:2)
  2 dart slugs (D:2)
  3 ball pythons
  6 endoplasms
  A giant cockroach (D:1)
  7 goblins (D:2)
  6 hobgoblins
  A quokka (D:1)
  3 bats (D:2)
  2 frilled lizards (D:1)
  7 kobolds
  4 rats
44 creatures vanquished.

Vanquished Creatures (others)
  An adder zombie (D:1)
  2 bat zombies
  A kobold zombie (D:2)
  A quokka zombie (D:1)
  A rat zombie (D:1)
6 creatures vanquished.

Grand Total: 58 creatures vanquished

Notes
Turn   | Place    | Note
-------+----------+-------------------------------------------
     0 | D:1      | croobank the Gnoll Summoner began the quest for the Orb.
     0 | D:1      | Reached XP level 1. HP: 13/13 MP: 6/6
     2 | D:1      | Noticed a meteoran
     2 | D:1      | Noticed a vine stalker
     4 | D:1      | Noticed a demigod
     4 | D:1      | Noticed a demonspawn
     6 | D:1      | Noticed a troll
     8 | D:1      | Noticed a gargoyle
     8 | D:1      | Noticed a naga
    10 | D:1      | Noticed a draconian
    10 | D:1      | Noticed a merfolk
    12 | D:1      | Noticed an octopode
    12 | D:1      | Noticed a ghoul
    14 | D:1      | Noticed a formicid
    14 | D:1      | Noticed a minotaur
    16 | D:1      | Noticed a tengu
    16 | D:1      | Noticed a vampire
    18 | D:1      | Noticed a palentonga
    20 | D:1      | Noticed an ogre
    20 | D:1      | Noticed an elf
    22 | D:1      | Noticed a spriggan
    24 | D:1      | Noticed a naga
    24 | D:1      | Noticed a human
    26 | D:1      | Noticed a troll
    26 | D:1      | Noticed a minotaur
   366 | D:1      | Reached XP level 2. HP: 19/19 MP: 4/7
   369 | D:1      | Learned a level 2 spell: Call Imp
   505 | D:1      | Found a faded altar of an unknown god.
   642 | D:1      | Prayed at the altar of an unknown god.
   642 | D:1      | Became a worshipper of Yredelemnul the Dark
   642 | D:1      | Reached * piety under Yredelemnul
  1095 | D:1      | Reached skill level 5 in Spellcasting
  1095 | D:1      | Reached XP level 3. HP: 25/25 MP: 4/9
  1099 | D:1      | Learned a level 3 spell: Call Canine Familiar
  1436 | D:2      | Reached skill level 1 in Invocations
  1732 | D:2      | Learned a level 3 spell: Summon Guardian Golem
  1748 | D:2      | Reached skill level 1 in Fighting
  1748 | D:2      | Reached skill level 1 in Short Blades
  1748 | D:2      | Reached skill level 1 in Long Blades
  1748 | D:2      | Reached skill level 1 in Axes
  1748 | D:2      | Reached skill level 1 in Maces & Flails
  1748 | D:2      | Reached skill level 1 in Polearms
  1748 | D:2      | Reached skill level 1 in Staves
  1748 | D:2      | Reached skill level 1 in Ranged Weapons
  1748 | D:2      | Reached skill level 1 in Throwing
  1748 | D:2      | Reached skill level 1 in Armour
  1748 | D:2      | Reached skill level 1 in Shields
  1748 | D:2      | Reached skill level 1 in Unarmed Combat
  1748 | D:2      | Reached skill level 1 in Evocations
  2671 | D:3      | Noticed Terence
  2671 | D:3      | Noticed Robin
  2680 | D:2      | Reached XP level 4. HP: 22/32 MP: 11/11
  2691 | D:2      | Killed Robin
  2891 | D:2      | Reached skill level 1 in Conjurations
  2891 | D:2      | Reached skill level 1 in Hexes
  2891 | D:2      | Reached skill level 1 in Necromancy
  2891 | D:2      | Reached skill level 1 in Translocations
  2891 | D:2      | Reached skill level 1 in Transmutations
  2891 | D:2      | Reached skill level 1 in Fire Magic
  2891 | D:2      | Reached skill level 1 in Ice Magic
  2891 | D:2      | Reached skill level 1 in Air Magic
  2891 | D:2      | Reached skill level 1 in Earth Magic
  2891 | D:2      | Reached skill level 1 in Poison Magic
  2896 | D:2      | Gained mutation: You are resistant to electric shocks.
                  | (rElec) [potion of mutation]
  2896 | D:2      | Gained mutation: Your mind is acute. (Int +4, Str/Dex -1)
                  | [potion of mutation]
  2896 | D:2      | HP: 1/32 [goblin/+0 club[Robin] (4)]
  3126 | D:2      | HP: 1/32 [Terence/+0 falchion (9)]
  3129 | D:2      | Constricted to death by a ball python

Illustrated notes

Levels and vault maps discovered:
D:1:      kb_arrival_jail, layout_basic, basic_ecumenical_altar
D:2:      layout_basic
D:3:      layout_rooms, mainiacjoe_overflow_catch_the_wave, minivault_5,
          uniq_terence, uniq_robin

Skill      XL: |  1  2  3  4 |
---------------+-------------+-----
Spellcasting   | 5 |  5.1
Invocations    | 1 |  1.3
Fighting       | 1 |  1.2
Short Blades   | 1 |  1.2
Long Blades    | 1 |  1.2
Axes           | 1 |  1.2
Maces & Flails | 1 |  1.2
Polearms       | 1 |  1.2
Staves         | 1 |  1.2
Ranged Weapons | 1 |  1.2
Throwing       | 1 |  1.2
Armour         | 1 |  1.2
Shields        | 1 |  1.2
Unarmed Combat | 1 |  1.2
Evocations     | 1 |  1.2
Conjurations   | 1 |  1.0
Hexes          | 1 |  1.0
Necromancy     | 1 |  1.0
Translocations | 1 |  1.0
Transmutations | 1 |  1.0
Fire Magic     | 1 |  1.0
Ice Magic      | 1 |  1.0
Air Magic      | 1 |  1.0
Earth Magic    | 1 |  1.0
Poison Magic   | 1 |  1.0
Dodging        | |  4.6
Stealth        | |  4.3
Summonings     | |  7.1

Action                   |  1- 3 |  4- 6 || total
-------------------------+-------+-------++-------
Melee: Short sword       |    17 |    18 ||    35
       Unarmed           |     2 |       ||     2
       Bite              |       |     1 ||     1
 Cast: Summon Small Mamm |    35 |     3 ||    38
       Call Imp          |    11 |     3 ||    14
       Call Canine Famil |     5 |     1 ||     6
       Summon Guardian G |     1 |     1 ||     2
  Use: Potion            |     1 |     5 ||     6
       Scroll            |     1 |     2 ||     3
 Stab: Sleeping          |     3 |       ||     3
       Distracted        |       |     1 ||     1
Armor: Robe              |    14 |    11 ||    25
Dodge: Dodged            |    14 |    43 ||    57
